 Dungeon Crawl Stone Soup version 0.29.0-4-gdea44cf6ec (webtiles) character file.

Game seed: 1715163276747465816

90 qw the Ruffian (level 4, 0/35 HPs)
             Began as a Ghoul Fire Elementalist on Aug 30, 2022.
             Slain by a kobold
             ... wielding a +0 trident
              (5 damage)
             ... on level 3 of the Dungeon.
             The game lasted 00:02:36 (2700 turns).

qw the Ruffian (Ghoul Fire Elementalist)            Turns: 2700, Time: 00:02:36

Health: 0/35       AC:  8    Str: 13    XL:     4   Next: 56%
Magic:  5/5        EV:  7    Int: 10    God:
Gold:   119        SH:  6    Dex:  9    Spells: 5/6 levels left

rFire   . . .      SeeInvis .     - Unarmed
rCold   + . .      Faith    .   e - +0 kite shield
rNeg    + + +      Spirit   .   d - +0 scale mail
rPois   inf        Reflect  .   (no helmet)
rElec   .          Harm     .   m - +1 cloak
rCorr   .          Rampage  .   (no gloves)
Will    .....                   (no boots)
Stlth   ..........              (no amulet)
HPRegen 0.00/turn               (no ring)
MPRegen 0.09/turn               (no ring)

@: inhibited regen
A: claws 1, cold resistance 1, negative energy resistance 3, inhibited
regeneration, torment resistance 2, devour on kill
a: no special abilities


You were on level 3 of the Dungeon.
You visited 1 branch of the dungeon, and saw 3 of its levels.

You collected 119 gold pieces.


Innate Abilities, Weirdness & Mutations

You are immune to poison.
You have sharp fingernails.
Your flesh is cold resistant. (rC+)
You are immune to negative energy. (rN+++)
You do not regenerate when monsters are visible.
You are immune to unholy pain and torment.
You thrive by killing the living.


   Skills:
 - Level 1.2 Fighting
 - Level 1.7 Dodging
 - Level 2.1 Stealth
 + Level 1.3 Shields
 - Level 3.6 Unarmed Combat
 - Level 1.7 Spellcasting
 - Level 0.7 Conjurations
 - Level 2.4 Fire Magic


You had 5 spell levels left.
You knew the following spells:

 Your Spells              Type           Power      Damage    Failure   Level
a - Foxfire               Conj/Fire      16%        2x1d4     96%         1

Your spell library contained the following spells:

 Spells                   Type           Power      Damage    Failure   Level
 Scorch                   Fire           10%        2d5       97%         2
 Conjure Flame            Conj/Fire      4%         6-21      100%        3
 Inner Flame              Hex/Fire       3%         N/A       100%        3
 Flame Wave               Conj/Fire      4%         2d5       100%        4

Inventory:

Armour
 a - a +1 leather armour of fire resistance
 d - a +0 scale mail (worn)
 e - a +0 kite shield (worn)
 m - a +1 cloak (worn)
Scrolls
 b - a scroll of immolation {unknown}
 c - a scroll of butterflies {unknown}
 h - 4 scrolls of identify
Potions
 f - a potion of might
 g - a potion of haste
 o - a potion of curing

Dungeon Overview and Level Annotations

Branches:
Dungeon (3/15)

Altars:
Xom


Message History

You scratch the endoplasm.
The endoplasm is almost dead.
The endoplasm closely misses you. Something hits you but does no damage.
You scratch the endoplasm.
You kill the endoplasm!
You feel better. Something hits you but does no damage.
You swing at nothing.
Something hits you.
You swing at nothing.
Something hits you but does no damage.
You swing at nothing.
Something hits you!
You swing at nothing.
Something hits you!
You swing at nothing.
Something hits you but does no damage.
You closely miss something. Something hits you.
Something hits you but does no damage.
You swing at nothing.
Something hits you but does no damage.
You swing at nothing.
You block something's attack.
You swing at nothing.
Something hits you.
You barely miss something. Something hits you but does no damage.
You swing at nothing.
You block something's attack.
You swing at nothing.
Something hits you.
You swing at nothing.
Something hits you but does no damage.
You swing at nothing.
Something hits you but does no damage. x2
You closely miss something. Something hits you but does no damage.
You closely miss something. Something hits you.
You die...

#...................)####
#....###..#####.....##
#....#......# ##......#
..)#.######..###..####.#
####. #.>.....# ..# ## .
##......# .#.#
...#......#..#.#
............##.#
###.....@......#
##.....{#..#.#
#............
#......##.... #......#
#.. #......# .. ########


There were no monsters in sight!

Vanquished Creatures
  2 adders
  2 dart slugs (D:2)
  An orc (D:3)
  3 ball pythons
  10 endoplasms
  4 giant cockroaches
  5 goblins
  9 hobgoblins
  3 jackals
  4 quokkas
  3 bats
  5 frilled lizards (D:1)
  3 kobolds (D:1)
  6 rats
60 creatures vanquished.

Notes
Turn   | Place    | Note
-------+----------+-------------------------------------------
     0 | D:1      | qw the Ghoul Fire Elementalist began the quest for the Orb.
     0 | D:1      | Reached XP level 1. HP: 14/14 MP: 2/2
     0 | D:1      | 0 ||| qw: Version: 0.1-a-90-g952f4b7
     0 | D:1      | 0 ||| qw: Game counter: 4352
     0 | D:1      | 0 ||| qw: Always use a shield: true
     0 | D:1      | 0 ||| qw: God list: Okawaru
     0 | D:1      | 0 ||| qw: Allow faded altars: false
     0 | D:1      | 0 ||| qw: Do Orc after D:15 true
     0 | D:1      | 0 ||| qw: Do second Lair branch before Depths: true
     0 | D:1      | 0 ||| qw: Lair rune preference: random
     0 | D:1      | 0 ||| qw: Plans: Normal
     0 | D:1      | 0 ||| PLANNING D:1-11
    98 | D:1      | 98 ||| Stepping ~*~*~tactically~*~*~ (stealth).
   101 | D:1      | 101 ||| Stepping ~*~*~tactically~*~*~ (stealth).
   242 | D:1      | Reached skill level 1 in Unarmed Combat
   403 | D:1      | Reached skill level 1 in Fighting
   403 | D:1      | Reached XP level 2. HP: 23/23 MP: 3/3
   692 | D:1      | Reached skill level 2 in Unarmed Combat
   777 | D:1      | 777 ||| Stepping ~*~*~tactically~*~*~ (stealth).
   782 | D:1      | 782 ||| Stepping ~*~*~tactically~*~*~ (outnumbered).
   848 | D:1      | Reached XP level 3. HP: 28/28 MP: 4/4
   849 | D:1      | 849 ||| Stepping ~*~*~tactically~*~*~ (stealth).
   851 | D:1      | 851 ||| Stepping ~*~*~tactically~*~*~ (stealth).
   853 | D:1      | 853 ||| Stepping ~*~*~tactically~*~*~ (stealth).
  1413 | D:1      | 1413 ||| UPGRADING to +0 leather armour.
  1423 | D:1      | 1423 ||| DROPPING +0 robe.
  1424 | D:1      | 1424 ||| UPGRADING to +0 cloak.
  1429 | D:1      | 1429 ||| UPGRADING to +0 ring mail.
  1439 | D:1      | 1439 ||| DROPPING +0 leather armour.
  1440 | D:1      | 1440 ||| READING 3 scrolls labelled OCWIPN DAEJEU.
  1441 | D:1      | 1441 ||| READING scroll labelled JUWUTT DIOHIG.
  1442 | D:1      | 1442 ||| READING scroll labelled LOURGH YWKIMA.
  1443 | D:1      | 1443 ||| READING scroll labelled BYICLE RACKI.
  1444 | D:1      | 1444 ||| READING scroll labelled HIFAC ZIRAMUFI.
  1445 | D:1      | 1445 ||| DRINKING 2 pink potions.
  1446 | D:1      | 1446 ||| DRINKING 2 fizzy dark potions.
  1447 | D:1      | 1447 ||| DRINKING 2 white potions.
  1448 | D:1      | 1448 ||| READING 2 scrolls of identify.
  1448 | D:1      | 1448 ||| IDENTIFYING murky golden potion
  1449 | D:1      | 1449 ||| DROPPING potion of magic.
  1450 | D:1      | 1450 ||| DROPPING potion of lignification.
  1451 | D:1      | 1451 ||| DROPPING potion of brilliance.
  1529 | D:2      | 1529 ||| Stepping ~*~*~tactically~*~*~ (stealth).
  1549 | D:2      | 1549 ||| Stepping ~*~*~tactically~*~*~ (stealth).
  1552 | D:2      | 1552 ||| Stepping ~*~*~tactically~*~*~ (stealth).
  1554 | D:2      | 1554 ||| Stepping ~*~*~tactically~*~*~ (stealth).
  1556 | D:2      | 1556 ||| Stepping ~*~*~tactically~*~*~ (stealth).
  1574 | D:2      | Found a faded altar of an unknown god.
  1818 | D:2      | Reached skill level 3 in Unarmed Combat
  2019 | D:2      | 2019 ||| Stepping ~*~*~tactically~*~*~ (hiding).
  2027 | D:2      | Reached XP level 4. HP: 32/35 MP: 5/5
  2246 | D:2      | 2246 ||| Stepping ~*~*~tactically~*~*~ (stealth).
  2259 | D:2      | 2259 ||| UPGRADING to +0 scale mail.
  2269 | D:2      | 2269 ||| UPGRADING to +0 kite shield.
  2274 | D:2      | 2274 ||| DROPPING +0 ring mail.
  2275 | D:2      | 2275 ||| READING 2 scrolls labelled BEITHRO WEQY.
  2276 | D:2      | 2276 ||| READING scroll of enchant armour.
  2276 | D:2      | 2276 ||| ENCHANTING +0 cloak.
  2277 | D:2      | 2277 ||| READING scroll labelled FURRAE WUAPNE.
  2278 | D:2      | 2278 ||| READING 4 scrolls of identify.
  2278 | D:2      | 2278 ||| IDENTIFYING yellow potion
  2302 | D:3      | 2302 ||| STAIRDANCE
  2337 | D:3      | 2337 ||| STAIRDANCE
  2563 | D:3      | Reached skill level 1 in Shields
  2635 | D:3      | Found a shimmering altar of Xom.
  2696 | D:3      | HP: 5/35 [something (4)]
  2700 | D:3      | Slain by a kobold

Levels and vault maps discovered:
D:1:      elethiomel_arrival_maze, layout_loops_ring, minmay_close_crescents
D:2:      layout_loops_ring, ebering_ecumenical_altar_petrified
D:3:      layout_rooms, mainiacjoe_overflow_paths, zin_statuary

Skill      XL: |  1  2  3  4 |
---------------+-------------+-----
Unarmed Combat | 1 2 3 |  3.6
Fighting       | 1 |  1.2
Shields        | 1 |  1.3
Dodging        | |  1.7
Stealth        | |  2.1
Spellcasting   | |  1.7
Conjurations   | |  0.7
Fire Magic     | |  2.4

Action                   |  1- 3 |  4- 6 || total
-------------------------+-------+-------++-------
Melee: Unarmed           |   163 |    65 ||   228
       Punch             |     1 |     1 ||     2
  Use: Scroll            |     6 |     4 ||    10
       Potion            |     3 |       ||     3
Armor: Robe              |    11 |       ||    11
       Ring mail         |    12 |       ||    12
       Scale mail        |       |    61 ||    61
Dodge: Dodged            |    73 |    25 ||    98
Block: Kite shield       |       |    29 ||    29

Table legend:
 A = Non-vault XP
 B = Vault XP
 C = Vault XP percentage of total XP
 D = Non-vault monster count
 E = Vault monster count
 F = Vault count percentage of total count
                 A         B        C        D         E       F
            +---------+---------+-------+---------+---------+-------
      Total |     121 |       8 |   6.2 |      55 |       5 |   8.3
            +---------+---------+-------+---------+---------+-------
        D:1 |      32 |       8 |  20.0 |      21 |       5 |  19.2
        D:2 |      50 |       0 |   0.0 |      19 |       0 |   0.0
        D:3 |      39 |       0 |   0.0 |      15 |       0 |   0.0
            +---------+---------+-------+---------+---------+-------
